 Dungeon Sprint DCSS version 0.22.1-1-ga44c0e56f4 (webtiles) character file.

395 MuseOD the Covert (level 6, -8/36 HPs)
             Began as a Spriggan Enchanter on Sept 28, 2018.
             Mangled by a human (9 damage)
             ... in the Dungeon (Sprint III: "The Ten Rune Challenge").
             The game lasted 00:02:03 (632 turns).

MuseOD the Covert (Spriggan Enchanter)               Turns: 632, Time: 00:02:04

Health: -8/36      AC:  2    Str:  4    XL:     6   Next: 52%
Magic:  0/11       EV: 18    Int: 19    God:
Gold:   15         SH:  0    Dex: 16    Spells: 1/10 levels left

rFire    . . .     SeeInvis +   a - +1 dagger
rCold    . . .     Gourm    .   (shield restricted)
rNeg     . . .     Faith    .   b - +0 robe
rPois    .         Spirit   .   (helmet restricted)
rElec    .         Reflect  .   (no cloak)
rCorr    .         Harm     .   (gloves unavailable)
MR       +....     NoTele   +   (boots unavailable)
Stlth    +++++.....             (no amulet)
HPRegen  0.12/turn              (no ring)
MPRegen  0.12/turn              (no ring)

@: berserk cooldown, very slightly contaminated, slowed, quick
A: very small, unfitting armour, see invisible, herbivore, speed 3, slow
metabolism 2
a: no special abilities


You were in the Dungeon.
You were not hungry.

You visited 1 branch You collected 15 gold pieces.

Inventory:

Hand Weapons
 a - a +1 dagger (weapon)
Armour
 b - a +0 robe (worn)
Scrolls
 c - a scroll of identify
 j - a scroll of blinking
 l - a scroll of torment {unknown}
 m - 2 scrolls of remove curse
 p - a scroll of holy word {unknown}
Potions
 e - a potion of curing
 f - a potion of heal wounds
 g - a potion of haste
 h - 2 potions of magic
 k - 2 potions of mutation {unknown}
 n - 2 potions of resistance {unknown}
 o - a potion of flight {unknown}
Comestibles
 d - 4 rations


   Skills:
 + Level 5.7 Fighting
 * Level 10.8 Short Blades
 - Level 3.0 Dodging
 + Level 11.6 Stealth
 - Level 2.6 Spellcasting
 - Level 3.6 Hexes


You had one spell level left.
You knew the following spells:

 Your Spells              Type           Power        Failure   Level  Hunger
a - Corona                Hex            ###....      3%          1    None
b - Ensorcelled Hibernat  Hex/Ice        #.....       12%         2    ##.....
c - Confuse               Hex            ###.....     11%         3    ###....
d - Dazzling Spray        Conj/Hex       #.....       22%         3    ###....

Your spell library contained the following spells:

 Spells                   Type           Power        Failure   Level  Hunger
 Tukima's Dance           Hex            ###.....     11%         3    ###....


Dungeon Overview and Level Annotations

Branches:
Dungeon (1/1)

Altars:
Dithmenos
Ru
Yredelemnul
Beogh


Innate Abilities, Weirdness & Mutations

You are very small and have problems with some larger weapons.
You are too small for most types of armour.
You have supernaturally acute eyesight. (SInv)
You are a herbivore.
You cover ground extremely quickly.
You need to consume almost no food.


Message History

You hit the human but do no damage.
The human is moderately wounded.
You are no longer berserk.
You are exhausted.
You feel yourself slow down.
You hit the human.
The human is heavily wounded.
The human barely misses you.
Casting: Confuse (safe; 11% risk of failure)
Confirm with . or Enter, or press ? or * to list all spells.
Aiming: Confuse (safe; 11% risk of failure)
Press: ? - help, Shift-Dir - straight line, f - human
Aim: a human, wearing a chain mail (heavily wounded, unusually strong, bound You miscast Confuse.
You are very lightly contaminated with residual magic.
You hear an indistinct dissonance whispering inside your mind.
The human's soul is no longer bound.
The human hits you!
* * * LOW HITPOINT WARNING * * *
The human hits you!
You die...

▓▓▓▓▓▓▓▓▓ ▓▓▓ #..'....♣♣♣
♣.# ### #.!#....♣.♣ ♣.#
#__# ####......♣ ♣.# _. $_#
...#....≈♣♣♣♣♣.###+#'###'##
...#...≈≈♣♣♣.♣.#..........#
...#..≈≈≈≈♣♣♣..'@)........#
##'#..≈≈≈≈≈≈.♣.#.p.######+#
...#.≈≈≈≈≈≈....#.⌠.#
...#.≈≈≈≈≈.....#...#
...#.≈≈≈.......#+###
####...........#
...............#
▓▓▓▓▓▓▓▓▓▓▓▓▓▓▓▓


You could see a human.

Vanquished Creatures
  A necrophage (D)
  A water elemental (D)
  A scorpion (D)
  Jessica (D)
  A necromancer (D)
  2 humans (D)
  2 rats (D)
9 creatures vanquished.

Vanquished Creatures (others)
  2 draconian scorchers (D)
  6 hellions (D)
  A yaktaur (D)
9 creatures vanquished.

Grand Total: 18 creatures vanquished

Notes
Turn   | Place    | Note
-------+----------+-------------------------------------------
     0 | D        | MuseOD the Spriggan Enchanter began the quest for the Orb.
     0 | D        | Reached XP level 1. HP: 9/9 MP: 5/5
    68 | D        | Killed a hellion
    79 | D        | Killed a hellion
   116 | D        | Noticed Jessica
   119 | D        | Killed Jessica
   119 | D        | Reached skill level 6 in Stealth
   119 | D        | Reached XP level 2. HP: 15/15 MP: 6/6
   123 | D        | Learned a level 2 spell: Ensorcelled Hibernation
   144 | D        | Reached skill level 5 in Short Blades
   144 | D        | Reached XP level 3. HP: 19/19 MP: 2/8
   149 | D        | Learned a level 3 spell: Confuse
   154 | D        | Killed a hellion
   155 | D        | Killed a hellion
   155 | D        | Killed a hellion
   156 | D        | Killed a hellion
   180 | D        | Killed a white draconian scorcher
   203 | D        | Noticed a scorpion
   210 | D        | Killed a scorpion
   210 | D        | Reached skill level 8 in Stealth
   210 | D        | Reached XP level 4. HP: 24/24 MP: 9/9
   215 | D        | Killed a yaktaur
   237 | D        | Noticed a water elemental
   240 | D        | Killed a water elemental
   240 | D        | Reached skill level 9 in Stealth
   240 | D        | Reached XP level 5. HP: 29/29 MP: 10/10
   248 | D        | Learned a level 3 spell: Dazzling Spray
   252 | D        | Found a basalt altar of Yredelemnul.
   252 | D        | Found a shadowy altar of Dithmenos.
   252 | D        | Found a sacrificial altar of Ru.
   252 | D        | Noticed a necrophage
   268 | D        | Killed a white draconian scorcher
   400 | D        | Killed a necrophage
   400 | D        | Reached skill level 10 in Stealth
   591 | D        | Noticed a human
   596 | D        | Noticed a human
   601 | D        | Found a roughly hewn altar of Beogh.
   618 | D        | Killed a human
   618 | D        | Reached skill level 5 in Fighting
   618 | D        | Reached skill level 10 in Short Blades
   618 | D        | Reached skill level 11 in Stealth
   618 | D        | Reached XP level 6. HP: 12/36 MP: 2/11
   632 | D        | HP: 1/36 [human (7)]
   632 | D        | Mangled by a human

Skill      XL: |  1  2  3  4  5 |
---------------+----------------+-----
Fighting       | 2 3 4 5 |  5.7
Short Blades   | 4 5 6 8 10 | 10.8
Stealth        | 6 8 9 11 | 11.6
Dodging        | |  3.0
Spellcasting   | |  2.6
Hexes          | |  3.6

Action                   |  1- 3 |  4- 6 || total
-------------------------+-------+-------++-------
Melee: Dagger            |     9 |    34 ||    43
 Cast: Ensorcelled Hiber |     2 |       ||     2
       Confuse           |       |     9 ||     9
       Dazzling Spray    |       |     1 ||     1
  Use: Scroll            |       |     2 ||     2
       Potion            |       |     1 ||     1
 Stab: Sleeping          |     4 |     1 ||     5
       Confused          |       |     1 ||     1
Dodge: Dodged            |     4 |    16 ||    20
